 Dungeon Crawl Stone Soup version 0.22-a0-833-g8522bf8 (webtiles) character file.

15225 Amnesiac the Thaumaturge (level 11, -5/77 HPs)
             Began as a Mummy Earth Elementalist on July 25, 2018.
             Was a High Priest of Vehumet.
             Slain by a two-headed ogre
             ... wielding a +0 giant club
              (29 damage)
             ... on level 11 of the Dungeon.
             The game lasted 00:23:12 (11399 turns).

Amnesiac the Thaumaturge (MuEE)                    Turns: 11399, Time: 00:23:12

Health: -5/77      AC:  6    Str: 12    XL:     11   Next: 99%
Magic:  7/26       EV: 13    Int: 21    God:    Vehumet [*****.]
Gold:   841        SH:  5    Dex: 14    Spells: 5/32 levels left

rFire    x . .     SeeInvis +   a - +5 spear of Nezeuwouh {drain, rPois rN+ Int+3}
rCold    + . .     Gourm    .   r - +0 buckler
rNeg     + + +     Faith    .   l - +1 leather armour "Yguttozen" {Dex+2}
rPois    ∞         Spirit   .   (no helmet)
rElec    .         Reflect  .   o - +1 cloak
rCorr    .         Harm     .   (no gloves)
MR       +....                  (no boots)
Stlth    +.........             p - amulet of magic regeneration
HPRegen  0.22/turn              m - ring of Waidul {rPois Stlth-}
MPRegen  0.45/turn              C - ring of see invisible

@: no status effects
A: no food or potions, fire vulnerability, cold resistance 1, negative energy
resistance 3, torment resistance, unbreathing
a: Renounce Religion


You were on level 11 of the Dungeon.
You worshipped Vehumet.
Vehumet was extremely pleased with you.
You were not hungry.

You visited 2 branches of the dungeon, and saw 13 of its levels.

You collected 841 gold pieces.

Inventory:

Hand Weapons
 a - the +5 spear of Nezeuwouh (weapon) {drain, rPois rN+ Int+3}
   (You took it off a spriggan on level 10 of the Dungeon)

   A truly terrible weapon, it drains the life of those it strikes.
   It affects your intelligence (+3).
   It protects you from poison.
   It protects you from negative energy.
Missiles
 f - 7 javelins of returning (quivered)
 n - 274 stones
 w - 221 arrows
Armour
 l - the +1 leather armour "Yguttozen" (worn) {Dex+2}
   (You found it on level 4 of the Dungeon)

   It affects your dexterity (+2).
 o - a +1 cloak (worn)
 r - a +0 buckler (worn)
Jewellery
 c - an uncursed ring of resist corrosion
 m - the ring of Waidul (left hand) {rPois Stlth-}
   (You found it on level 11 of the Dungeon)

   [ring of attention]

   It protects you from poison.
   It makes you less stealthy.
 p - an amulet of magic regeneration (around neck)
 B - the amulet of Gozag's Hatred {Harm *Drain rN+}
   (You found it on level 10 of the Dungeon)

   [amulet of harm]

   It increases damage dealt and taken.
   It protects you from negative energy.
   It causes draining when unequipped.
 C - a ring of see invisible (right hand)
Wands
 d - a wand of polymorph (18)
 h - a wand of enslavement (13)
 t - a wand of digging (14)
 x - a wand of scattershot (3)
 y - a wand of disintegration (12)
 A - a wand of acid (9)
Scrolls
 e - 5 scrolls of remove curse {!r}
 g - a scroll of blinking {!r}
 i - 10 scrolls of teleportation {!r}
 j - a scroll of enchant armour {!r}
 k - a scroll of magic mapping {!r}
 s - 2 scrolls of amnesia {!r}
 u - a scroll of fog {!r}
 v - 6 scrolls of identify {!r}
 z - a scroll of holy word {!r}
Potions
 b - 2 potions of lignification {!q}


   Skills:
 - Level 4.0 Fighting
 - Level 4.0 Dodging
 - Level 1.5 Stealth
 - Level 4.0 Shields
 + Level 11.0 Spellcasting
 - Level 4.5 Conjurations
 - Level 4.0 Transmutations
 * Level 10.9 Earth Magic
 - Level 4.0 Evocations


You had 5 spell levels left.
You knew the following spells:

 Your Spells              Type           Power        Failure   Level  Hunger
a - Stone Arrow           Conj/Erth      #####.       1%          3    N/A
b - Passwall              Tmut/Erth      #####...     1%          2    N/A
c - Sandblast             Erth           ######       1%          1    N/A
d - Lee's Rapid Deconstr  Erth           ######....   1%          5    N/A
e - Petrify               Tmut/Erth      #####...     3%          4    N/A
f - Sticks to Snakes      Tmut           ####....     2%          2    N/A
g - Yara's Violent Unrav  Hex/Tmut       ###.......   22%         5    N/A
h - Irradiate             Conj/Tmut      ####......   10%         5    N/A

Your spell library contained the following spells:

 Spells                   Type           Power        Failure   Level  Hunger
 Magic Dart               Conj           ####         1%          1    N/A
 Iskenderun's Mystic Bla  Conj           ####....     3%          4    N/A
 Animate Dead             Necr           N/A          58%         4    N/A
 Recall                   Summ/Tloc      N/A          22%         3    N/A
 Spider Form              Tmut/Pois      ###.......   10%         3    N/A
 Blade Hands              Tmut           ####......   36%         5    N/A
 Statue Form              Tmut/Erth      #####....    47%         6    N/A
 Ice Form                 Ice/Tmut       ###.....     32%         4    N/A
 Dragon Form              Tmut           ####......   100%        7    N/A
 Death Channel            Necr           ##........   100%        6    N/A
 Simulacrum               Ice/Necr       ##........   100%        6    N/A
 Beastly Appendage        Tmut           ####..       1%          1    N/A
 Fulminant Prism          Conj/Hex       ###.......   8%          4    N/A
 Dazzling Spray           Conj/Hex       ###...       2%          3    N/A
 Force Lance              Conj/Tloc      ###.....     8%          4    N/A
 Searing Ray              Conj           ####..       1%          2    N/A
 Hydra Form               Tmut           ####......   91%         6    N/A
 Borgnjor's Vile Clutch   Necr/Erth      ####......   22%         5    N/A

Dungeon Overview and Level Annotations

Branches:
Dungeon (12/15)            Temple (1/1) D:7            Lair (0/6) D:10
    Orc (0/2) D:10

Altars:
Ashenzari
Cheibriados
Dithmenos
Elyvilon
Fedhas
Gozag
Hepliaklqana
Kikubaaqudgha
Makhleb
Nemelex Xobeh
Okawaru
Qazlal
Ru
Sif Muna
Trog
Uskayaw
Vehumet
Wu Jian
Xom
Yredelemnul
Zin
The Shining One

Shops:
D:5 (


Innate Abilities, Weirdness & Mutations

You do not eat or drink.
Your flesh is vulnerable to fire.
You are immune to poison.
Your flesh is cold resistant. (rC+)
You are immune to negative energy. (rN+++)
You are immune to unholy pain and torment.
You can survive without breathing.


Message History

Things that are here:
the +11 crystal plate armour "Naylum" {rF- rCorr Dex+5} a +3 amulet of reflection The skeletal warrior closely misses you.
You climb upwards.
There is a stone staircase leading down here.
There is a stone staircase leading down here.
You start resting.
Magic restored.
You start resting.
Magic restored.
You climb downwards. 2 two-headed ogres come into view.
The two-headed ogre shouts in stereo! x2
There is a stone staircase leading up here.
The two-headed ogre closely misses you.
The two-headed ogre hits you with a giant spiked club!!
You climb upwards.
There is a stone staircase leading down here.
Unknown command.
Unknown command.
Unknown command.
Casting: Lee's Rapid Deconstruction (safe; 1% risk of failure)
Confirm with . or Enter, or press ? or * to list all spells.
Aiming: Lee's Rapid Deconstruction (safe; 1% risk of failure)
Press: ? - help, Dir - move target cursor A rock wall.
The wall shatters!
The blast of rock fragments hits the two-headed ogre.
The two-headed ogre is moderately wounded.
The two-headed ogre barely misses you. x2
Unknown command.
Casting: Lee's Rapid Deconstruction (safe; 1% risk of failure)
Confirm with . or Enter, or press ? or * to list all spells.
Aiming: Lee's Rapid Deconstruction (safe; 1% risk of failure)
Press: ? - help, Dir - move target cursor A rock wall.
The wall shatters!
The blast of rock fragments hits the two-headed ogre.
The two-headed ogre is severely wounded.
The two-headed ogre hits you with a giant club!
The two-headed ogre hits you with a giant spiked club!!
* * * LOW HITPOINT WARNING * * *
Unknown command.
Casting: Lee's Rapid Deconstruction (safe; 1% risk of failure)
Confirm with . or Enter, or press ? or * to list all spells.
Aiming: Lee's Rapid Deconstruction (safe; 1% risk of failure)
Press: ? - help, Dir - move target cursor A rock wall.
The wall shatters!
The blast of rock fragments hits the two-headed ogre.
The two-headed ogre is severely wounded.
Unknown command.
Casting: Lee's Rapid Deconstruction (safe; 1% risk of failure)
Confirm with . or Enter, or press ? or * to list all spells.
Aiming: Lee's Rapid Deconstruction (safe; 1% risk of failure)
Press: ? - help, Dir - move target cursor A rock wall.
The wall shatters!
The blast of rock fragments hits the two-headed ogre.
The two-headed ogre is almost dead.
The two-headed ogre barely misses you.
The two-headed ogre hits you with a giant spiked club!!
You die...

#.............#.....
#....##########.....
#....#.....#.%###...
#....#≈%...'.%#.#...
#....#..P..'..#.#...
#....)≈%...'..#.####
#...##)..%.#†.#.....
#..O##≈.P≈P##)#.....
#..@##P≈≈≈≈#.%#.....
#...##PP≈P.+..#.....
#...###########.....
#...#########.......
#...................
#...................
#...................
#...................
######.........#####


You could see a two-headed ogre.

Vanquished Creatures
  A hydra (D:11)
  Erica (D:8)
  2 two-headed ogres
  The ghost of eyesofgods1 the Blocker, a novice GnFi of Cheibriados (D:10)
  A skeletal warrior (D:12)
  Pikel (D:4)
  A deep elf mage (D:11)
  A centaur zombie (D:11)
  Psyche (D:9)
  A troll (D:9)
  A polar bear (D:10)
  3 hornets
  Grinder (D:6)
  2 dream sheep (D:11)
  2 hippogriffs (D:7)
  A shadow (D:11)
  4 spriggans (D:10)
  Sigmund (D:4)
  2 yaks (D:11)
  Eustachio (D:4)
  A hungry ghost (D:10)
  Menkaure (D:7)
  2 porcupines (D:10)
  5 ice beasts
  12 orc warriors
  An eye of draining (D:6)
  2 slaves (D:4)
  3 black bears
  2 sky beasts
  3 ogres
  5 centaurs
  A crocodile (D:10)
  4 big kobolds
  A wolf (D:10)
  7 bullfrogs
  A water moccasin zombie (D:7)
  2 scorpions
  10 killer bees (D:10)
  4 wights (D:7)
  4 howler monkeys
  A bullfrog zombie (D:6)
  6 crimson imps
  2 hounds
  5 jellies
  2 bullfrog skeletons
  10 orc priests
  Ijyb (D:5)
  Crazy Yiuf (D:6)
  4 iguanas
  12 orc wizards
  3 worker ants
  2 hound zombies (D:7)
  A hound skeleton (D:7)
  A howler monkey zombie (D:8)
  2 worker ant zombies
  10 adders
  An adder zombie (D:9)
  An adder skeleton (D:6)
  A worm (D:2)
  3 dart slugs
  7 leopard geckos
  66 orcs
  9 bats
  2 giant cockroaches
  16 goblins
  9 hobgoblins
  10 jackals
  3 quokkas
  4 ball pythons
  2 frilled lizards
  14 kobolds
  5 rats
316 creatures vanquished.

Vanquished Creatures (others)
  A wight (D:7)
  An orc (D:8)
  7 fungi (D:10)
  8 plants (D:10)
17 creatures vanquished.

Grand Total: 333 creatures vanquished

Notes
Turn   | Place    | Note
-------+----------+-------------------------------------------
     0 | D:1      | Amnesiac the Mummy Earth Elementalist began the quest for the Orb.
     0 | D:1      | Reached XP level 1. HP: 13/13 MP: 4/4
   255 | D:2      | You fall through a shaft!
   270 | D:3      | Reached XP level 2. HP: 19/19 MP: 5/5
   271 | D:3      | Reached skill level 3 in Spellcasting
   598 | D:4      | Noticed a slave
   607 | D:4      | Reached XP level 3. HP: 22/24 MP: 4/7
   611 | D:4      | Learned a level 2 spell: Passwall
   615 | D:4      | Learned a level 3 spell: Stone Arrow
   622 | D:4      | Noticed Pikel
   636 | D:4      | Killed Pikel
   636 | D:4      | Reached skill level 5 in Spellcasting
   636 | D:4      | Reached skill level 5 in Earth Magic
   636 | D:4      | Reached XP level 4. HP: 18/30 MP: 7/11
   636 | D:4      | Reached XP level 5. HP: 21/35 MP: 7/12
   636 | D:4      | Reached XP level 6. HP: 25/41 MP: 7/13
   637 | D:4      | Noticed a freed slave
   637 | D:4      | Noticed a freed slave
   638 | D:4      | Noticed a freed slave
   639 | D:4      | Killed a freed slave
   647 | D:4      | Learned a level 5 spell: Lee's Rapid Deconstruction
   652 | D:4      | Learned a level 4 spell: Petrify
   654 | D:4      | Killed a freed slave
   756 | D:4      | Noticed Ijyb
   784 | D:5      | Entered Level 5 of the Dungeon
   879 | D:4      | Reached XP level 7. HP: 34/46 MP: 7/14
   912 | D:4      | Got a translucent leather armour
   927 | D:4      | Identified the cursed +1 leather armour "Yguttozen" {Dex+2} (You found it on level 4 of the Dungeon)
   941 | D:5      | Killed Ijyb
  1075 | D:5      | Found Emygix's Antique Weapon Boutique.
  1711 | D:5      | Reached skill level 6 in Spellcasting
  1902 | D:5      | Reached XP level 8. HP: 48/52 MP: 12/17
  1986 | D:6      | Found a shadowy altar of Dithmenos.
  2081 | D:6      | Got a bone mace
  2082 | D:6      | Identified the +10 mace of Fugoz {crush, Str+3} (You found it on level 6 of the Dungeon)
  2088 | D:6      | Found a runed door.
  2092 | D:6      | Noticed Crazy Yiuf
  2096 | D:6      | Killed Crazy Yiuf
  2130 | D:6      | Noticed Grinder
  2134 | D:6      | Paralysed by Grinder for 3 turns
  2144 | D:6      | Killed Grinder
  2393 | D:6      | Reached skill level 7 in Spellcasting
  2845 | D:7      | Reached XP level 9. HP: 47/57 MP: 11/20
  2852 | D:7      | Noticed Menkaure
  2855 | D:7      | Killed Menkaure
  2855 | D:7      | Reached skill level 8 in Spellcasting
  3039 | D:7      | Found a sparkling altar of Nemelex Xobeh.
  3046 | D:7      | Found a staircase to the Ecumenical Temple.
  3149 | D:7      | Noticed a two-headed ogre
  3245 | D:7      | Killed a two-headed ogre
  3245 | D:7      | Reached skill level 9 in Spellcasting
  3372 | Temple   | Entered the Ecumenical Temple
  3569 | Temple   | Became a worshipper of Vehumet
  3983 | D:1      | Reached * piety under Vehumet
  3983 | D:1      | Offered knowledge of Sting by Vehumet.
  4123 | D:1      | Found a radiant altar of Vehumet.
  5029 | D:3      | Offered knowledge of Throw Frost by Vehumet.
  5031 | D:3      | Reached ** piety under Vehumet
  5231 | D:4      | Noticed Sigmund
  5244 | D:4      | Killed Sigmund
  5396 | D:4      | Noticed Eustachio
  5401 | D:4      | Killed Eustachio
  5562 | D:7      | Reached skill level 1 in Shields
  5568 | D:7      | Reached XP level 10. HP: 61/63 MP: 15/23
  5710 | D:7      | Found a hazy altar of Hepliaklqana.
  5932 | D:7      | Found a sacrificial altar of Ru.
  5935 | D:7      | Found a shimmering altar of Xom.
  5935 | D:7      | Found an opulent altar of Gozag.
  5940 | D:7      | Found a snail-covered altar of Cheibriados.
  5940 | D:7      | Found a white marble altar of Elyvilon.
  6253 | D:8      | Found an iron altar of Okawaru.
  6323 | D:8      | Offered knowledge of Inner Flame by Vehumet.
  6330 | D:8      | Noticed Erica
  6427 | D:8      | Killed Erica
  6427 | D:8      | Reached skill level 10 in Spellcasting
  6427 | D:8      | Reached skill level 10 in Earth Magic
  6717 | D:8      | Got a bloodstained buckler
  6723 | D:8      | Reached skill level 1 in Fighting
  6739 | D:8      | Reached *** piety under Vehumet
  7510 | D:9      | Offered knowledge of Olgreb's Toxic Radiance by Vehumet.
  7691 | D:9      | Noticed a two-headed ogre
  7703 | D:9      | Killed a two-headed ogre
  7828 | D:9      | Noticed Psyche
  7836 | D:9      | Killed Psyche
  8097 | D:9      | Identified the -2 buckler of the Original Sin {Dex+2} (You found it on level 8 of the Dungeon)
  8409 | D:10     | Entered Level 10 of the Dungeon
  8608 | D:6      | Learned a level 2 spell: Sticks to Snakes
  9045 | D:10     | Reached XP level 11. HP: 77/77 MP: 12/25
  9047 | D:10     | Reached skill level 1 in Transmutations
  9124 | D:10     | Got a slimy golden amulet
  9219 | D:10     | Reached **** piety under Vehumet
  9221 | D:10     | Reached skill level 1 in Conjurations
  9280 | D:10     | Offered knowledge of Yara's Violent Unravelling by Vehumet.
  9294 | D:10     | Learned a level 5 spell: Yara's Violent Unravelling
  9488 | D:10     | Found a staircase to the Orcish Mines.
  9954 | D:10     | Found a staircase to the Lair.
  9972 | D:10     | Found a runed door.
  9974 | D:10     | Noticed eyesofgods1's ghost (novice GnFi)
  9975 | D:10     | Noticed a spriggan rider
 10160 | D:10     | Killed eyesofgods1's ghost
 10172 | D:10     | Got a translucent spear {drain}
 10173 | D:10     | Identified the +5 spear of Nezeuwouh {drain, rPois rN+ Int+3} (You took it off a spriggan on level 10 of the Dungeon)
 10179 | D:10     | Identified the amulet of Gozag's Hatred {Harm *Drain rN+} (You found it on level 10 of the Dungeon)
 10289 | D:11     | Got a shimmering marble ring
 10336 | D:11     | Identified the ring of Waidul {rPois Stlth-} (You found it on level 11 of the Dungeon)
 10520 | D:11     | Reached ***** piety under Vehumet
 10520 | D:11     | Offered knowledge of Bolt of Magma by Vehumet.
 10574 | D:11     | Learned a level 5 spell: Irradiate
 10587 | D:11     | Noticed a three-headed hydra
 10593 | D:11     | Killed a three-headed hydra
 10834 | D:11     | Noticed a deep elf mage
 10838 | D:11     | Killed a deep elf mage
 11226 | D:11     | Got an ancient crystal plate armour
 11237 | D:11     | Identified the +11 crystal plate armour "Naylum" {rF- rCorr Dex+5} (You found it on level 11 of the Dungeon)
 11316 | D:12     | Noticed a skeletal warrior
 11317 | D:12     | Noticed a skeletal warrior
 11319 | D:12     | Killed a skeletal warrior
 11319 | D:12     | Reached skill level 11 in Spellcasting
 11319 | D:12     | Noticed a skeletal warrior
 11322 | D:12     | Noticed a skeletal warrior
 11375 | D:12     | Noticed a two-headed ogre
 11375 | D:12     | Noticed a two-headed ogre
 11399 | D:11     | Slain by a two-headed ogre

Vault maps used:
D:1:      dpeg_arrival_lava_altar, minmay_tetromino_t2
D:4:      kennysheep_the_goblin_king, first_ration, uniq_sigmund,
          uniq_eustachio, uniq_pikel
D:5:      serial_shops, nicolae_shop_crystal
D:6:      nicolae_dithmenos_through_a_glass_darkly, uniq_crazy_yiuf_cottage,
          uniq_grinder
D:7:      lemuel_crystal_altar, grunt_temple_overflow_open,
          minmay_temple_entry_trees, uniq_menkaure
D:8:      okawaru_altar_gauntlet_db, serial_co_window_serial,
          co_window_corner_a, co_window_of_opportunity_a, co_window_corner_a,
          co_window_paths_a, co_window_corner_a, co_window_paths_a,
          co_window_corner_ca, co_window_2corner, co_window_cross_2,
          co_window_paths_c, glass_columns_c, glass_columns_a, uniq_erica
D:9:      uniq_psyche
D:10:     grunt_lair_entry_orc_guard_hut, david_orc_4,
          ebering_ghost_funeral_grove
D:11:     hangedman_ranch, hangedman_abyss_or_decor_clamps
Temple:   nicolae_temple_figure_eight

Skill      XL: |  1  2  3  4  5  6  7  8  9 10 11 |
---------------+----------------------------------+-----
Spellcasting   | 3 5 6 7 9 10 11 | 11.0
Earth Magic    | 3 5 6 7 9 10 | 10.9
Evocations     | 2 3 4 |  4.0
Shields        | 1 4 |  4.0
Fighting       | 4 |  4.0
Dodging        | 4 |  4.0
Transmutations | 4 |  4.0
Conjurations   | 4 |  4.5
Stealth        | |  1.5

Action                   |  1- 3 |  4- 6 |  7- 9 | 10-12 || total
-------------------------+-------+-------+-------+-------++-------
Melee: Mace              |       |       |    59 |       ||    59
       Rapier            |       |       |     3 |    86 ||    89
       Spear             |       |       |       |     4 ||     4
Throw: Javelin           |    18 |       |     1 |       ||    19
       Tomahawk          |     3 |       |       |       ||     3
       Stone             |     1 |       |       |       ||     1
 Cast: Sandblast         |    25 |    22 |    99 |     2 ||   148
       Lee's Rapid Decon |       |       |    16 |    74 ||    90
       Stone Arrow       |       |       |    58 |   183 ||   241
       Passwall          |       |       |     2 |     5 ||     7
       Petrify           |       |       |       |     3 ||     3
Evoke: Wand              |     4 |     3 |    13 |     1 ||    21
  Use: Scroll            |       |       |    14 |     3 ||    17
 Stab: Sleeping          |       |       |     1 |     2 ||     3
Armor: Robe              |     6 |     1 |       |       ||     7
       Leather armour    |       |       |    35 |    57 ||    92
Dodge: Dodged            |    27 |     3 |    87 |   105 ||   222
Block: Buckler           |       |       |       |    36 ||    36

Table legend:
 A = Spawn XP
 B = Non-spawn XP
 C = Spawn XP percentage of total XP
 D = Spawn monster count
 E = Non-spawn monster count
 F = Spawn count percentage of total count
 G = Total turns spent on level
                    A         B        C        D         E        F      G
               +---------+---------+-------+---------+---------+-------+---------
         Total |       0 |   21750 |   0.0 |       0 |     315 |   0.0 | 11399
               +---------+---------+-------+---------+---------+-------+---------
           D:1 |       0 |      51 |   0.0 |       0 |      27 |   0.0 |   731
           D:2 |       0 |     176 |   0.0 |       0 |      19 |   0.0 |   744
           D:3 |       0 |      71 |   0.0 |       0 |      27 |   0.0 |   792
           D:4 |       0 |    1133 |   0.0 |       0 |      13 |   0.0 |   700
           D:5 |       0 |     642 |   0.0 |       0 |      14 |   0.0 |  1152
           D:6 |       0 |    1319 |   0.0 |       0 |      23 |   0.0 |  1193
           D:7 |       0 |    2544 |   0.0 |       0 |      32 |   0.0 |  1389
           D:8 |       0 |    2259 |   0.0 |       0 |      38 |   0.0 |  1026
           D:9 |       0 |    2692 |   0.0 |       0 |      31 |   0.0 |  1082
          D:10 |       0 |    5821 |   0.0 |       0 |      64 |   0.0 |  1296
          D:11 |       0 |    4229 |   0.0 |       0 |      25 |   0.0 |  1052
          D:12 |       0 |     813 |   0.0 |       0 |       2 |   0.0 |    26
               +---------+---------+-------+---------+---------+-------+---------
